 Dungeon Crawl Stone Soup version 0.20-a0-949-g916514f (webtiles) character file.

107 nubinia the Magician (level 4, 0/21 HPs)
             Began as a Spriggan Earth Elementalist on Apr 4, 2017.
             Killed from afar by Natasha (8 damage)
             ... with a magic dart
             ... on level 2 of the Dungeon.
             The game lasted 00:05:20 (1844 turns).

nubinia the Magician (Spriggan Earth Elementalist)  Turns: 1844, Time: 00:05:20

Health: 0/21       AC:  2    Str:  4    XL:     4   Next: 57%
Magic:  9/11       EV: 19    Int: 17    God:
Gold:   69         SH:  0    Dex: 16    Spells: 5/11 levels left

rFire    . . .     SeeInvis +   k - +0 dagger
rCold    . . .     Gourm    .   (shield restricted)
rNeg     . . .     Faith    .   c - +0 robe
rPois    .         Spirit   .   (helmet restricted)
rElec    .         Reflect  .   (no cloak)
rCorr    .         Harm     .   (gloves unavailable)
MR       .....                  (boots unavailable)
Stlth    +++.......             (no amulet)
Regen    0.1/turn               (no ring)
MPRegen  0.2/turn               (no ring)

@: very quick
A: unfitting armour, see invisible, herbivore 3, speed 3, slow metabolism 2
a: no special abilities


You were on level 2 of the Dungeon.
You were not hungry.

You visited 1 branch of the dungeon, and saw 2 of its levels.

You collected 69 gold pieces.

Inventory:

Hand Weapons
 k - a +0 dagger (weapon)
Missiles
 b - 60 stones (quivered)
Armour
 c - a +0 robe (worn)
Scrolls
 a - 3 scrolls of remove curse
 f - a scroll of teleportation
 h - a scroll of recharging {unknown}
 i - a scroll of enchant weapon {unknown}
 l - a scroll of immolation {unknown}
 m - a scroll of identify {unknown}
Potions
 g - a potion of magic {unknown}
 j - a potion of haste
 n - a potion of flight {unknown}
 o - a potion of curing {unknown}
Books
 e - a book of Geomancy

   Spells                             Type                      Level
   a - Sandblast                      Earth                        1
   b - Passwall                       Transmutation/Earth          2
   c - Stone Arrow                    Conjuration/Earth            3
   d - Petrify                        Transmutation/Earth          4
   e - Lee's Rapid Deconstruction     Earth                        5
Comestibles
 d - 2 bread rations


   Skills:
 + Level 0.1 Fighting
 + Level 3.4 Dodging
 + Level 3.4 Stealth
 + Level 0.1 Unarmed Combat
 + Level 4.1 Spellcasting
 + Level 1.3 Transmutations
 + Level 3.9 Earth Magic


You had 5 spell levels left.
You knew the following spells:

 Your Spells              Type           Power        Failure   Level  Hunger
a - Sandblast             Erth           ###...       3%          1    None
b - Stone Arrow           Conj/Erth      ##....       24%         3    ###....
p - Passwall              Tmut/Erth      ##........   10%         2    ##.....


Dungeon Overview and Level Annotations

Branches:
Dungeon (2/15)

Altars:
Makhleb

Annotations:
D:2 Natasha


Innate Abilities, Weirdness & Mutations

You are very small and have problems with some larger weapons.
You are too small for most types of armour.
You have supernaturally acute eyesight. (SInv)
You are a herbivore.
You cover ground extremely quickly.
You need consume almost no food.


Message History

Natasha is severely wounded.
b - 61 stones Natasha claws you.
Unknown command.
Unknown command.
Unknown command.
Casting: Sandblast
Confirm with . or Enter, or press ? or * to list all spells.
Aiming: Sandblast
Press: ? - help, Shift-Dir - straight line, f/p - Natasha
Aim: Natasha (severely wounded, fast)
The blast of sand hits Natasha.
Natasha is severely wounded.
b - 60 stones Natasha mumbles some strange words.
Natasha's front paws start to glow.
Natasha claws you!
Natasha stares at you and mumbles some strange words.
The magic dart hits you!
You die...

#.# ### #.#
#.. ..# ##.##
####...#######
#g.g.........#
####...#####.#
######.h!.)#
#(########
.......@...#
#.........
######.....#
##########
##...## #####


You could see Natasha and a hobgoblin.

Vanquished Creatures
  Natasha (twice) (D:2)
  An adder (D:2)
  A worm (D:2)
  A dart slug (D:2)
  2 leopard geckos (D:1)
  2 giant cockroaches
  4 goblins
  5 hobgoblins
  7 jackals
  A quokka (D:2)
  2 ball pythons (D:2)
  2 bats
  2 frilled lizards (D:2)
  4 kobolds
  4 rats
40 creatures vanquished.

Notes
Turn   | Place    | Note
-------+----------+-------------------------------------------
     0 | D:1      | nubinia the Spriggan Earth Elementalist began the quest for the Orb.
     0 | D:1      | Reached XP level 1. HP: 9/9 MP: 5/5
   273 | D:1      | Reached XP level 2. HP: 13/13 MP: 4/6
   584 | D:1      | Reached skill level 3 in Spellcasting
  1095 | D:2      | Reached XP level 3. HP: 16/16 MP: 8/8
  1108 | D:2      | Learned a level 2 spell: Passwall
  1112 | D:2      | Learned a level 3 spell: Stone Arrow
  1181 | D:2      | Found a burning altar of Makhleb.
  1185 | D:2      | Noticed Natasha
  1188 | D:2      | Killed Natasha
  1286 | D:2      | Reached XP level 4. HP: 21/21 MP: 5/10
  1339 | D:2      | Noticed Natasha
  1611 | D:2      | Killed Natasha
  1611 | D:2      | Reached skill level 4 in Spellcasting
  1836 | D:2      | Noticed Natasha
  1844 | D:2      | Killed from afar by Natasha

Vault maps used:
D:1:      minmay_arrival_split_and_join, minmay_tetromino_t2
D:2:      nicolae_overflow_hidden_temple, bloody_makhleb, uniq_natasha

Skill      XL: |  1  2  3  4 |
---------------+-------------+-----
Earth Magic    | 3 |  3.9
Spellcasting   | 3 4 |  4.1
Fighting       | |  0.1
Dodging        | |  3.4
Stealth        | |  3.4
Unarmed Combat | |  0.1
Transmutations | |  1.3

Action                   |  1- 3 |  4- 6 || total
-------------------------+-------+-------++-------
Melee: Unarmed           |    10 |       ||    10
       Dagger            |     5 |   110 ||   115
 Cast: Sandblast         |    32 |    12 ||    44
  Use: Scroll            |     2 |       ||     2
 Stab: Sleeping          |     2 |     2 ||     4
Armor: Robe              |     2 |    12 ||    14
Dodge: Dodged            |    18 |   101 ||   119
